woodfighter, neutral female human Healer & # ### # ) D ## # ## # ## ## ##& ## ### ####D# # ) # # ## #### D # ## V #D3 X ### ## JDQ#A# ## ##HS D#2 ## #g#&A@# # ##J# AV# # # # & J # ## D ## # # ## # # # e # ## ^ # ### e e # woodfighter the Physician Experience level: 27 Strength: 18/16 Dexterity: 18 Constitution: 18 Intelligence: 18 Wisdom: 23 Charisma: 18 Health: 0(205) Energy: 233(247) Def: 40 Gold: 0 Moves: 37753 Dungeon seed: E6ltfr7cWRVM8gG9 Game ID: woodfighter_1508705255 Your Inventory: Amulets d - a blessed amulet of reflection (being worn) k - the blessed Amulet of Yendor named real z - the blessed Eye of the Aethiopica Weapons a - the blessed fireproof +6 Staff of Aesculapius (weapon in hands) c - 50 blessed rustproof +7 darts (in quiver) Armor e - a blessed thoroughly burnt +1 pair of leather gloves (being worn) n - a blessed burnt +4 pair of speed boots (being worn) r - a blessed +4 gray dragon scale mail (being worn) F - a blessed thoroughly rusty +4 helm of brilliance (being worn) L - an uncursed +4 T-shirt (being worn) Y - a blessed greased very burnt +4 cloak of protection (being worn) Comestibles Z - a blessed lizard corpse Spellbooks S - the blessed Book of the Dead Potions t - 2 blessed diluted potions of full healing Rings j - a blessed ring of free action (on left hand) A - a blessed rustproof ring of levitation (on right hand) R - a blessed +3 ring of increase damage Wands h - a blessed wand of teleportation (0:0) x - a blessed wand of digging (0:5) N - a blessed wand of secret door detection (0:13) Tools b - a blessed rusty stethoscope g - an uncursed towel q - a blessed -1 unicorn horn s - a blessed bag of holding y - a blessed skeleton key I - the blessed Orb of Fate (0:4) K - the blessed Bell of Opening (0:2) Q - the blessed Candelabrum of Invocation (7 candles attached) (0:124) T - a blessed pair of lenses (being worn) V - a blessed magic lamp Gems H - an uncursed luckstone Contents of the bag of holding: an uncursed amulet of life saving 50 blessed rustproof +7 darts a blessed +7 knife named Due Process 11 uncursed C-rations 10 uncursed K-rations 3 uncursed lembas wafers 3 blessed lizard corpses 4 uncursed lumps of royal jelly 13 uncursed scrolls of blank paper 2 blessed scrolls of charging 5 blessed scrolls of gold detection 6 blessed scrolls of remove curse 4 blessed scrolls of wishing 10 blessed diluted potions of full healing 7 blessed potions of full healing 10 potions of holy water an uncursed ring of conflict an uncursed ring of free action an uncursed ring of free action an uncursed ring of free action an uncursed ring of teleport control a wand of death (1:5) a wand of death (0:3) a wand of death (0:2) a wand of death (0:0) a wand of digging (0:7) a wand of digging (0:6) a wand of digging (0:5) a wand of digging (0:5) a wand of digging (0:5) an uncursed wand of digging [0:8] an uncursed wand of digging [0:5] an uncursed wand of digging [0:5] an uncursed wand of digging [0:5] an uncursed wand of digging [0:5] a wand of fire (0:3) a wand of teleportation (0:8) a wand of teleportation (0:5) a wand of teleportation (0:4) a wand of teleportation (0:4) a wand of teleportation (0:3) a blessed can of grease [0:10] a blessed magic lamp a magic marker (1:50) a magic marker (1:50) a magic marker (0:24) an uncursed [+0] pick-axe an uncursed [+0] unicorn horn an uncursed [+0] unicorn horn an uncursed [+0] unicorn horn an uncursed [+0] unicorn horn Spells and supernatural/magical abilities: Name Level Category Fail Memory h - healing 1 healing 0% 85% k - knock 1* matter 0% 0% m - magic missile 2 attack 0% 85% n - detect monsters 1* divination 0% 0% x - extra healing 3 healing 0% 85% E - detect food 2* divination 0% 0% L - levitation 4* escape 9% 0% S - stone to flesh 3* healing 0% 0% W - pray for help -- divine ? -- Your skills at the end: Miscellaneous Skills shield [Basic] wands [Skilled] stealth [Basic] Weapon Skills knife [Expert] quarterstaff [Expert] dart [Skilled] Spellcasting Skills healing spells [Skilled] Final Attributes: You were devoutly aligned. You were fire resistant. You were cold resistant. You were sleep resistant. You were disintegration-resistant. You were shock resistant. You were poison resistant. You were level-drain resistant. You were magic-protected. You were blinded. You saw invisible. You were telepathic. You were warned. You had automatic searching. You were clairvoyant. You were invisible to others. You were somewhat stealthy. You were levitating. You regenerated. You were protected. You were very fast. You had reflection. You had free action. You were lucky. You had extra luck. Good luck did not time out for you. You are dead (2nd time!). Vanquished creatures: Baalzebub Orcus Yeenoghu Juiblex The Wizard of Yendor (6 times) a high priest 5 ancient white dragons 4 mammoths Vlad the Impaler 8 krakens an elder white dragon an elder orange dragon an elder black dragon an elder yellow dragon 4 iron golems The Cyclops 2 gray dragons 4 red dragons 11 white dragons 2 black dragons 3 blue dragons a yellow dragon 4 storm giants 2 titans 3 glass golems 7 balrogs 7 purple worms 19 minotaurs 5 jabberwocks 8 baluchitheria an Angel a young silver dragon 5 young red dragons 53 young white dragons 2 young black dragons 2 young green dragons 7 stone golems 5 master mind flayers 13 Olog-hai 3 Nazgul 16 pit fiends 5 sandestins 3 hell hounds 10 titanotheres 6 trappers 2 baby blue dragons a baby green dragon a guardian naga 2 disenchanters 21 vampire lords 6 shades 6 skeletons 3 captains 5 clay golems 5 nurses 12 ice devils 7 nalfeshnees 5 lurkers above a frost giant a golden naga 9 black puddings 19 vampires 28 ghosts 4 ettins 2 lieutenants 2 wizards 2 queen bees 2 winged gargoyles a mind flayer 12 giant mimics a fire giant 2 ogre kings 10 Elvenkings an ice troll 3 rock trolls 9 umber hulks 5 flesh golems 10 doppelgangers 15 hezrous 16 bone devils a salamander 17 large mimics 3 wumpuses 3 fire vortices a baby long worm 9 long worms 6 couatls 5 stalkers 14 air elementals 2 fire elementals 15 earth elementals 5 water elementals 7 hill giants a giant mummy 2 black nagas 23 elf-lords 7 xorns 21 giant zombies 6 sergeants a barbed devil 15 vrocks 17 wargs 2 winter wolves 9 hell hound pups 8 quantum mechanics 26 small mimics an island nymph 3 glass piercers 3 warhorses 10 steam vortices 10 xans an ettin mummy 9 ogre lords 26 trolls 5 wood golems 8 mariliths a djinni 3 sharks 5 freezing spheres 6 flaming spheres 3 shocking spheres 3 large cats 5 tigers 8 gargoyles 2 dwarf kings 2 tengu 10 gelatinous cubes 11 ochre jellies 7 chameleons 7 leocrottas 6 energy vortices a mountain centaur a giant 3 elf mummies 6 human mummies 5 red nagas 4 green slimes 10 Grey-elves a pit viper 10 pythons 5 cobras 32 wraiths 14 ettin zombies 2 leather golems 14 soldiers a horned devil 8 succubi 12 incubi 9 giant beetles 19 cockatrices 7 wolves a winter wolf cub 5 black lights a panther 10 gremlins 28 leprechauns 7 quivering blobs 4 spotted jellies 8 lizards 2 mountain nymphs 2 orc-captains 6 mumakil 12 giant spiders 3 scorpions 3 iron piercers 2 horses 5 ice vortices 6 vampire bats 7 forest centaurs 9 gnome kings 2 orc mummies 4 dwarf mummies 3 ogres 6 brown puddings 7 Green-elves 9 rust monsters 9 owlbears 5 yetis 2 gold golems 7 werewolves 7 piranhas 11 giant eels 11 chickatrices a dog 4 jaguars 5 dwarf lords 4 blue jellies 4 white unicorns 3 black unicorns 3 dust vortices 5 ravens a gnome mummy 6 Woodland-elves 18 snakes 2 apes 9 human zombies a rope golem 44 soldier ants 4 fire ants 12 yellow lights 5 bugbears 3 imps 4 quasits 3 baby crocodiles 2 wood nymphs 36 Mordor orcs 18 Uruk-hai 14 orc shamans 7 rock moles 2 rock piercers 3 ponies 4 fog clouds 3 shriekers 6 violet fungi 15 gnome lords 4 gnomish wizards 2 kobold mummies a red naga hatchling 8 gray oozes a barrow wight 15 elf zombies 6 ghouls 3 straw golems 2 paper golems 2 jellyfish 3 giant ants a puppy 2 floating eyes 19 dwarves 3 homunculi 5 kobold lords 2 kobold shamans 9 iguanas 13 hill orcs 11 rothes 23 rabid rats 5 jitterbugs 3 giant bats 2 monkeys 7 orc zombies 11 dwarf zombies a wererat 5 werejackals 63 killer bees 4 coyotes 3 gas spores 9 hobbits 8 acid blobs 3 large kobolds 10 geckos 7 hobgoblins 91 giant rats 3 cave spiders 7 brown molds 4 yellow molds 4 green molds 3 red molds 69 gnomes 15 garter snakes 7 manes 10 gnome zombies 7 jackals a fox 4 kobolds 5 newts 12 goblins 7 sewer rats 6 grid bugs 4 bats 9 lichens 9 kobold zombies 4 humans 2036 creatures vanquished. Genocided species: wood nymphs water nymphs mountain nymphs island nymphs liches demiliches master liches arch-liches disenchanters 9 species genocided. Voluntary challenges: You had been an atheist until turn 2144. You used a wielded weapon 5181 times, starting on turn 194. You did not use plumbed fixtures. You read items or engraved 96 times, starting on turn 2756. You genocided 9 types of monsters, starting on turn 21412. You never polymorphed an object. You changed form 1 time, starting on turn 2676. You completed Sokoban on turn 5285, according to the rules. You used 4 wishes, starting on turn 9457. You wished for your your first artifact on turn 10208. You split 3 puddings, starting on turn 16168. You never wrote Elbereth's name. You violated your moral code, losing 10 points of alignment, starting on turn 7797. Dungeon overview: The Dungeons of Doom: levels 1 to 30 Level 1 a fountain, a sink stairs to The Elemental Planes Level 2 (locked boxes) a general store stairs to The Gnomish Mines Level 3 a potion shop Level 4 Level 5 Level 6 a general store, an altar to Poseidon, a sink Level 7 Level 8 a fountain Level 9 many fountains Level 10 a general store stairs to Sokoban Level 11 a fountain Level 12 a temple to Poseidon, a sink Level 13 (big room) Level 14 a general store Level 15 an altar to Poseidon Level 16 (rogue quest) portal to The Quest Level 17 Level 18 a fountain Level 19 an armor shop Level 20 some fountains Level 21 a fountain Level 22 (vault) a temple to Poseidon, some fountains Level 23 an armor shop Level 24 an altar to Hermes, some fountains Level 25 (medusa) Level 26 Level 27 Level 28 Level 29 Level 30 a magic chest, many sinks, many benchs Gehennom: levels 31 to 55 Level 31 a temple to Moloch, a magic chest stairs to The Dungeons of Doom Level 32 Level 33 Level 34 Level 35 Level 36 (baalzebub) a magic chest Level 37 Level 38 (juiblex) a fountain Level 39 Level 40 stairs to Vlad's Tower Level 41 Level 42 (orcus) some shops, an altar to Moloch, a magic chest, a fountain Level 43 (yeenohgu) a magic chest Level 44 Level 45 Level 46 Level 47 (wizard top) a magic chest Level 48 Level 49 portal to Gehennom Level 50 Level 51 Level 52 Level 53 portal to Gehennom Level 54 (vibrating) Level 55 The Gnomish Mines: levels 3 to 11 Level 3 stairs to The Dungeons of Doom Level 4 Level 5 some shops, a temple to Hermes, a magic chest, some fountains Level 6 Level 7 Level 8 Level 9 Level 10 Level 11 many altars to Moloch, a magic chest, some fountains The Quest: levels 1 to 5 Level 1 (bell in top right room) an altar to Hermes, a magic chest portal to The Dungeons of Doom Level 2 Level 3 a temple to Poseidon Level 4 Level 5 Sokoban: levels 6 to 9 Level 6 a magic chest Level 7 Level 8 Level 9 an altar to Hermes, a magic chest stairs to The Dungeons of Doom Vlad's Tower: levels 37 to 39 Level 37 Level 38 an altar to Moloch Level 39 stairs to Gehennom The Elemental Planes: Plane 2 <- You were here a magic portal Plane 1 portal to The Elemental Planes History has recorded: On T:1 you entered the Dungeons of Doom to retrieve the Amulet of Yendor! On T:269 you reached level 2 of The Dungeons of Doom. On T:370 you reached level 3 of The Dungeons of Doom. On T:575 you reached level 1 of The Gnomish Mines. On T:755 you reached level 4 of The Dungeons of Doom. On T:1135 you advanced to experience level 2. On T:1244 you reached level 5 of The Dungeons of Doom. On T:1628 you reached level 6 of The Dungeons of Doom. On T:1801 you were saved from death by your amulet of life saving! On T:1804 you advanced to experience level 3. On T:2002 you advanced to experience level 4. On T:2046 you reached level 7 of The Dungeons of Doom. On T:2179 you advanced to experience level 5. On T:2328 you reached level 8 of The Dungeons of Doom. On T:2590 you prayed to Hermes. On T:2594 you advanced to experience level 6. On T:2676 you prayed to Hermes. On T:3018 you reached level 9 of The Dungeons of Doom. On T:3095 you reached level 10 of The Dungeons of Doom. On T:3371 you reached level 11 of The Dungeons of Doom. On T:3407 you reached level 4 of Sokoban. On T:3568 you opened a magic chest. On T:3866 you reached level 3 of Sokoban. On T:4007 you advanced to experience level 7. On T:4108 you reached level 2 of Sokoban. On T:4488 you reached level 1 of Sokoban. On T:5285 you advanced to experience level 8. On T:5285 you entered the Sokoban zoo. On T:6338 you reached level 2 of The Gnomish Mines. On T:6512 you reached level 3 of The Gnomish Mines. On T:6727 you entered the Minetown temple On T:6975 you reached level 4 of The Gnomish Mines. On T:7217 you reached level 5 of The Gnomish Mines. On T:7378 you reached level 6 of The Gnomish Mines. On T:7956 you reached level 7 of The Gnomish Mines. On T:8083 you advanced to experience level 9. On T:8165 you reached level 8 of The Gnomish Mines. On T:8601 you reached level 9 of The Gnomish Mines. On T:8601 you reached the bottom of the Mines. On T:9457 you wished for "+3 blessed greased fixed grey dragon scale mail". On T:10200 you prayed to Hermes. On T:10208 you wished for "blessed Orb of Fate". On T:10628 you advanced to experience level 10. On T:11024 you reached level 13 of The Dungeons of Doom. On T:11286 you reached level 14 of The Dungeons of Doom. On T:11419 you reached level 15 of The Dungeons of Doom. On T:11640 you reached level 16 of The Dungeons of Doom. On T:11640 you entered the Rogue tribute level. On T:11834 you reached level 17 of The Dungeons of Doom. On T:11951 you reached level 1 of The Quest. On T:12145 you wished for "blessed fixed Eye of the Aethiopica". On T:12221 you advanced to experience level 11. On T:12316 you reached level 18 of The Dungeons of Doom. On T:12732 you reached level 19 of The Dungeons of Doom. On T:12979 you reached level 20 of The Dungeons of Doom. On T:13050 you reached level 21 of The Dungeons of Doom. On T:13233 you reached level 22 of The Dungeons of Doom. On T:13615 you reached level 23 of The Dungeons of Doom. On T:13956 you reached level 24 of The Dungeons of Doom. On T:13986 you reached level 25 of The Dungeons of Doom. On T:15977 you reached level 26 of The Dungeons of Doom. On T:16436 you advanced to experience level 12. On T:16863 you reached level 27 of The Dungeons of Doom. On T:16965 you advanced to experience level 13. On T:17245 you reached level 28 of The Dungeons of Doom. On T:17291 you reached The Castle. On T:17295 you reached level 29 of The Dungeons of Doom. On T:18348 you reached The Valley of the Dead. On T:19218 you reached level 2 of Gehennom. On T:19451 you reached level 3 of Gehennom. On T:20121 you advanced to experience level 14. On T:20414 you received Vorpal Blade from Hermes. On T:20458 you received Fire Brand from Hermes. On T:20668 you embarked upon an epic quest. On T:20671 you reached level 2 of The Quest. On T:20758 you reached level 3 of The Quest. On T:20875 you reached level 4 of The Quest. On T:20995 you reached level 5 of The Quest. On T:21203 you completed the quest! On T:21473 you wished for "blessed fixed +7 ring of levitation". On T:22102 you reached level 4 of Gehennom. On T:22329 you reached level 5 of Gehennom. On T:22538 you reached level 6 of Gehennom. On T:22755 you reached level 9 of Gehennom. On T:22768 you reached level 10 of Gehennom. On T:22772 you reached level 11 of Gehennom. On T:22932 you reached level 12 of Gehennom. On T:23048 you reached level 3 of Vlad's Tower. On T:23188 you reached level 8 of Gehennom. On T:23297 you killed Juiblex on level 8 of Gehennom. On T:23457 you reached level 7 of Gehennom. On T:23639 you killed Baalzebub on level 6 of Gehennom. On T:24474 you reached level 2 of Vlad's Tower. On T:24542 you reached level 1 of Vlad's Tower. On T:24581 you killed Vlad the Impaler on level 1 of Vlad's Tower. On T:24830 you reached level 13 of Gehennom. On T:25461 you killed Orcus on level 12 of Gehennom. On T:26721 you killed Yeenoghu on level 11 of Gehennom. On T:27117 you reached level 14 of Gehennom. On T:27205 you advanced to experience level 15. On T:27426 you reached level 15 of Gehennom. On T:27940 you reached level 16 of Gehennom. On T:28328 you reached level 17 of Gehennom. On T:28671 you reached level 18 of Gehennom. On T:29349 you reached level 19 of Gehennom. On T:29446 you reached level 20 of Gehennom. On T:29966 you reached level 23 of Gehennom. On T:30239 you reached level 24 of Gehennom. On T:30387 you reached level 22 of Gehennom. On T:30833 you reached level 21 of Gehennom. On T:34688 you advanced to experience level 16. On T:34689 you advanced to experience level 17. On T:34690 you advanced to experience level 18. On T:34691 you advanced to experience level 19. On T:34692 you advanced to experience level 20. On T:34693 you advanced to experience level 21. On T:34694 you advanced to experience level 22. On T:34695 you advanced to experience level 23. On T:34696 you advanced to experience level 24. On T:34697 you advanced to experience level 25. On T:34698 you advanced to experience level 26. On T:35337 you killed Wizard of Yendor on level 17 of Gehennom. On T:35525 you performed the invocation. On T:35526 you reached level 25 of Gehennom. On T:35595 you killed Wizard of Yendor on level 24 of Gehennom. On T:35597 you gained the Amulet of Yendor! On T:37142 you lost the Amulet of Yendor. On T:37143 you gained the Amulet of Yendor! On T:37157 you advanced to experience level 27. On T:37412 you reached the Plane of Earth. On T:37425 you lost the Amulet of Yendor. On T:37432 you killed Wizard of Yendor on the Plane of Earth. On T:37446 you killed Wizard of Yendor on the Plane of Earth. On T:37449 you killed Wizard of Yendor on the Plane of Earth. On T:37461 you gained the Amulet of Yendor! On T:37622 you reached the Plane of Air. Score breakdown: Gold: 0 ( 0 points) Experience: 27 levels ( 2000 points) Exploration: 55 levels ( 2000 points) Discoveries: 118 items ( 2000 points) Variety of kills: 272 monsters ( 2000 points) Major goal: found the Amulet ( 4500 points) Survival: died (score multiplied by 3) Total score: 37500 Latest messages: The bolt of lightning hits the jabberwock! Kaboom!!! Boom!! Boom!! The invisible Archon hacks you! The invisible Archon slashes you! The invisible Archon misses. You hear a mumbled curse. The vampire bumps right into you! The invisible ki-rin kicks! (2x) The invisible ki-rin butts! You hear a mumbled curse. The invisible Archon slashes you! (2x) The invisible Archon punches you! You hear a mumbled curse. The invisible Archon slashes you! (2x) The invisible Archon punches you! The invisible Archon casts a spell at you! Your head suddenly aches painfully! The vampire scratches you! The vampire bites! The invisible ki-rin kicks! (2x) The invisible ki-rin butts! Something bumps right into you! The blast of poison gas hits the invisible ki-rin! The blast of poison gas whizzes by you! The invisible ki-rin kicks! (2x) The invisible ki-rin butts! You die... Final status: Goodbye woodfighter the Healer, killed by an invisible ki-rin, while hiding from a thunderstorm (with the Amulet)... You died in The Elemental Planes with 37500 points, and 0 pieces of gold, after 37753 moves. You were level 27 with a maximum of 205 hit points when you died.